 Dungeon Crawl Stone Soup version 0.23.0 (webtiles) character file.

Game seed: 11034238239068493387

74 Fang the Skirmisher (level 4, -2/43 HPs)
             Began as a Gargoyle Berserker on Feb 11, 2019.
             Was a Believer of Trog.
             Slain by a gnoll
             ... wielding a +4 spear
              (11 damage)
             ... on level 2 of the Dungeon.
             The game lasted 00:02:47 (1632 turns).

Fang the Skirmisher (Gargoyle Berserker)            Turns: 1632, Time: 00:02:47

Health: -2/43      AC:  5    Str: 27    XL:     4   Next: 28%
Magic:  4/4        EV: 12    Int:  7    God:    Trog [**....]
Gold:   54         SH:  0    Dex:  9    Spells: 3/3 levels left

rFire    . . .     SeeInvis .   a - +0 hand axe
rCold    . . .     Gourm    .   (no shield)
rNeg     + . .     Faith    .   b - +0 animal skin
rPois    ∞         Spirit   .   (no helmet)
rElec    +         Reflect  .   (no cloak)
rCorr    .         Harm     .   (no gloves)
MR       .....                  (no boots)
Stlth    ..........             (no amulet)
HPRegen  0.14/turn              (no ring)
MPRegen  0.09/turn              (no ring)

@: berserking, very quick
A: negative energy resistance 1, electricity resistance, unbreathing,
petrification resistance, rot immunity, AC +3
a: Berserk, Trog's Hand, Renounce Religion


You were on level 2 of the Dungeon.
You worshipped Trog.
Trog was pleased with you.
You were very hungry.

You visited 1 branch of the dungeon, and saw 2 of its levels.

You collected 54 gold pieces.

Inventory:

Hand Weapons
 a - a +0 hand axe (weapon)
Armour
 b - a +0 animal skin (worn)
Jewellery
 i - a +4 ring of strength {unknown}
Scrolls
 d - 3 scrolls of amnesia {unknown}
 e - a scroll of enchant weapon {unknown}
 f - a scroll of identify {unknown}
 g - a scroll of immolation {unknown}
 h - 3 scrolls of remove curse {unknown}
 l - a scroll of magic mapping {unknown}
 m - a scroll of teleportation {unknown}
 n - 2 scrolls of blinking {unknown}
Potions
 j - a potion of might {unknown}
 k - a potion of heal wounds {unknown}
Comestibles
 c - 6 rations
 o - 4 chunks of flesh


   Skills:
 + Level 4.0 Fighting
 + Level 3.2 Axes
 + Level 3.0 Armour
 + Level 2.2 Dodging


You had 3 spell levels left.
You didn't know any spells.
Your spell library was empty.

Dungeon Overview and Level Annotations

Branches:
Dungeon (2/15)

Altars:
Fedhas
Yredelemnul


Innate Abilities, Weirdness & Mutations

You are resistant to torment.
Your stone body is resilient. (AC +3)
You are immune to poison.
You resist negative energy. (rN+)
You are resistant to electric shocks. (rElec)
You can survive without breathing.
You are immune to petrification.
You are immune to rotting.


Message History

You are too injured to fight recklessly!
You are too injured to fight recklessly!
You are too injured to fight recklessly!
A red film seems to cover your vision as you go berserk!
You feel yourself moving faster!
You feel mighty!
You are feeling very hungry.
The gnoll closely misses you.
You completely miss the gnoll.
The gnoll is moderately wounded.
The gnoll hits you with a +4 spear!
You barely miss the gnoll.
The gnoll is moderately wounded.
You slash the gnoll!
The gnoll is almost dead.
The gnoll hits you with a +4 spear.
* * * LOW HITPOINT WARNING * * *
You closely miss the gnoll.
The gnoll is almost dead.
The gnoll hits you with a +4 spear!
You die...

..... #.....# .#
.#....#
#.#......# #
....#...#
#.###.......#
#.g..#.....#
##@#...#..### #
#.#..#.......
#$.#.......#
###.....)..#
#####.#..# #..
##
#........###.._
.##########
#$.#%...........
..........#
#.#..#......+
..........#
###.#...#....#


You could see a gnoll.

Vanquished Creatures
  An adder (D:2)
  An ooze (D:1)
  2 worms (D:2)
  3 dart slugs
  2 leopard geckos
  A ball python (D:2)
  4 bats
  3 giant cockroaches
  4 goblins
  8 hobgoblins
  A jackal (D:2)
  4 frilled lizards
  5 kobolds
  6 rats
45 creatures vanquished.

Notes
Turn   | Place    | Note
-------+----------+-------------------------------------------
     0 | D:1      | Fang the Gargoyle Berserker began the quest for the Orb.
     0 | D:1      | Reached XP level 1. HP: 14/14 MP: 1/1
    68 | D:1      | Reached XP level 2. HP: 19/19 MP: 2/2
   375 | D:1      | Reached XP level 3. HP: 24/24 MP: 3/3
   618 | D:1      | Reached ** piety under Trog
   939 | D:2      | Found a basalt altar of Yredelemnul.
  1117 | D:2      | Reached XP level 4. HP: 7/29 MP: 4/4
  1603 | D:2      | Found a blossoming altar of Fedhas.
  1624 | D:2      | Reached skill level 4 in Fighting
  1632 | D:2      | Slain by a gnoll

Skill      XL: |  1  2  3  4 |
---------------+-------------+-----
Axes           | 3 |  3.2
Dodging        | 2 |  2.2
Armour         | 3 |  3.0
Fighting       | 4 |  4.0

Action                   |  1- 3 |  4- 6 || total
-------------------------+-------+-------++-------
Melee: Hand axe          |   124 |    25 ||   149
Invok: Berserk           |     1 |     1 ||     2
  Eat: Chunk             |     1 |     2 ||     3
Armor: Animal skin       |    49 |     5 ||    54
Dodge: Dodged            |    91 |    19 ||   110
